AoeStats
← carlobanchon

Arabia

510419485Analyzed
1v1 RM · 2d ago on Sep 30, 2026· 12m 54s· 2 players
Game mode
Random Map
Map size
Tiny (2 player)
Population
200
Speed
Normal
Resources
Standard
Victory
Conquest
Starting age
Dark Age
Ending age
Imperial Age
RankedLock teamsTeams togetherTeam positionsShared explorationLock speedFull tech treeHidden civsTurbo modeCheats
Victory
Defeat
🇵🇹 Italians · Portugal
1209
+15
🇪🇨 Malians · Ecuador
1190
-15
carlobanchon
5:48 Loom
10:08 Feudal Age
11:24 Man-at-Arms
12:51 Double-Bit Axe
JimFromMarketing
9:05 Feudal Age
7:21 Loom
9:52 Double-Bit Axe
12:40 Fletching
Connection lost

Rejoining the realm…

Still unreachable

The connection could not be restored.

Session expired

The server has moved on; the page needs a fresh start.